 Dungeon Crawl Stone Soup version 0.30-a0-374-g95c0257040 (webtiles) character file.

Game seed: 9157187536142339100

254 flotson the Sneak (level 5, -2/42 HPs)
             Began as a Demonspawn Delver on Nov 27, 2022.
             Was an Initiate of Hepliaklqana.
             Slain by an iguana (7 damage)
             ... on level 4 of the Dungeon.
             The game lasted 00:07:21 (3392 turns).

flotson the Sneak (Demonspawn Delver)               Turns: 3392, Time: 00:07:21

Health: -2/42      AC:  9    Str: 14    XL:     5   Next: 90%
Magic:  5/5        EV: 11    Int: 11    God:    Hepliaklqana [......]
Gold:   176        SH:  0    Dex: 15    Spells: 4/4 levels left

rFire   . . .      SeeInvis .    B - +0 halberd
rCold   . . .      Faith    .    (shield currently unavailable)
rNeg    . . .      Spirit   .    h - +0 ring mail
rPois   .          Reflect  .    A - +0 helmet
rElec   .          Harm     .    o - +2 cloak
rCorr   .          Rampage  .    (no gloves)
Will    .....                    (no boots)
Stlth   ++........               (no amulet)
HPRegen 0.27/turn                (no ring)
MPRegen 0.09/turn                (no ring)

@: no status effects
A: hooves 1, powered by death 1, powered by pain 1
a: Renounce Religion


You were on level 4 of the Dungeon.
You worshipped Hepliaklqana.
Hepliaklqana was noncommittal.
You visited 2 branches of the dungeon, and saw 6 of its levels.
You also visited: Sewer.

You collected 216 gold pieces.
You spent 40 gold pieces at shops.

Inventory:

Hand Weapons
 a - a +0 spear
 B - a +0 halberd (weapon)
Missiles
 q - 5 javelins
 v - 14 poisoned darts (quivered)
 C - a throwing net
Armour
 h - a +0 ring mail (worn)
 o - a +2 cloak (worn)
 A - a +0 helmet (worn)
Jewellery
 z - a ring of ice
Wands
 g - a wand of digging (3)
Scrolls
 c - a scroll of fog
 i - 2 scrolls of fear
 j - 2 scrolls of blinking {unknown}
 l - 4 scrolls of identify {unknown}
 m - a scroll of silence {unknown}
 n - 3 scrolls of poison {unknown}
 p - 2 scrolls of teleportation
 s - a scroll of summoning {unknown}
 t - 3 scrolls of enchant armour {unknown}
 y - a scroll of vulnerability {unknown}
Potions
 b - a potion of invisibility {unknown}
 d - 2 potions of heal wounds {unknown}
 e - a potion of might {unknown}
 f - 3 potions of haste
 k - a potion of berserk rage {unknown}
 r - 2 potions of curing {unknown}
 u - a potion of lignification {unknown}
 w - 4 potions of flight {unknown}
 x - a potion of resistance {unknown}


   Skills:
 + Level 4.0 Fighting
 - Level 1.7 Polearms
 + Level 1.5 Throwing
 + Level 2.2 Armour
 + Level 3.0 Dodging
 - Level 4.5 Stealth
 + Level 0.2 Invocations
 + Level 2.4 Evocations


You had 4 spell levels left.
You didn't know any spells.
Your spell library contained the following spells:

 Spells                   Type           Power      Damage    Failure   Level
 Cigotuvi's Dreadful Rot  Necr/Pois/Air  0%         N/A       71%         2
 Poisonous Vapours        Pois/Air       0%         N/A       71%         2
 Gell's Gravitas          Tloc           0%         N/A       91%         3
 Lesser Beckoning         Tloc           0%         N/A       91%         3
 Mephitic Cloud           Conj/Pois/Air  0%         N/A       91%         3
 Teleport Other           Tloc           0%         N/A       91%         3


Dungeon Overview and Level Annotations

Branches:
Dungeon (5/15)             Temple (1/1) D:4           Sewer (visited)

Altars:
Cheibriados
Dithmenos
Hepliaklqana
Kikubaaqudgha
Makhleb
Qazlal
Wu Jian
Yredelemnul

Shops:
D:1 *


Innate Abilities, Weirdness & Mutations

You have large cloven feet.
You regenerate a little health from kills.
You sometimes gain a little power by taking damage.


Message History

The iguana bites you but does no damage.
You barely miss the iguana. Your kick misses the iguana.
The iguana closely misses you.
You hit the iguana but do no damage. The iguana barely misses you.
You hit the iguana but do no damage. You kick the iguana, but do no damage.
The iguana closely misses you. The iguana bites you!
You hit the iguana.
The iguana is lightly wounded.
The iguana bites you!
You barely miss the iguana. You kick the iguana, but do no damage.
The iguana is lightly wounded.
The iguana bites you but does no damage.
The iguana closely misses you.
You puncture the iguana!
The iguana is severely wounded.
The iguana bites you.
You are too injured to fight recklessly!
You are too injured to fight recklessly!
You are too injured to fight recklessly!
You are too injured to fight recklessly!
You are too injured to fight recklessly!
You are too injured to fight recklessly!
You are too injured to fight recklessly!
You are too injured to fight recklessly!
You are too injured to fight recklessly!
You hit the iguana but do no damage. You kick the iguana, but do no damage.
The iguana is severely wounded.
The iguana bites you but does no damage. x2
You closely miss the iguana. You kick the iguana, but do no damage.
The iguana is severely wounded.
The iguana bites you!
* * * LOW HITPOINT WARNING * * *
You closely miss the iguana.
The iguana is severely wounded.
The iguana bites you.
* * * LOW HITPOINT WARNING * * *
You barely miss the iguana. You kick the iguana, but do no damage.
The iguana is severely wounded.
The iguana bites you!
You die...

#####......* *,* #######
..........#* *,* #.....#
.....##...#####+##### #.....###
....#.....#....=....# #...#.##.
#..#......#?........# #...#...#
.###......#.........# ##.....##
..###.....#.........# #.##.##.
..#..#...##.........# #.#..#..
.#....#B.##....l@...# #.#.#...
#.....#..##.........# #.#.....
.........##.........######...####
###.#######.........'.......#####
##..#####*#.........####.....##..
O...................# #####....#
####..........####### ###..#
*..........* ##.# *......,..,*
#.#


You could see an iguana.

Vanquished Creatures
  12 adders
  4 gnolls
  3 worms
  3 dart slugs
  5 orcs
  4 endoplasms
  3 giant cockroaches
  4 goblins
  7 hobgoblins
  5 jackals
  5 quokkas
  8 ball pythons
  6 bats
  14 frilled lizards
  8 kobolds
  12 rats
103 creatures vanquished.

Notes
Turn   | Place    | Note
-------+----------+-------------------------------------------
     0 | D:5      | flotson the Demonspawn Delver began the quest for the Orb.
     0 | D:5      | Reached XP level 1. HP: 18/18 MP: 1/1
    53 | D:4      | Noticed an ogre
    81 | D:4      | Noticed a scorpion
   109 | D:3      | Found a glowing drain.
   139 | D:3      | Gained mutation: You regenerate a little health from kills.
                  | [demonic ancestry]
   139 | D:3      | Reached XP level 2. HP: 18/24 MP: 2/2
   168 | Sewer    | Entered a sewer
   226 | Sewer    | Reached skill level 1 in Evocations
   332 | Sewer    | Reached skill level 1 in Armour
   332 | Sewer    | Gained mutation: You have large cloven feet. [demonic
                  | ancestry]
   332 | Sewer    | Reached XP level 3. HP: 23/29 MP: 3/3
   700 | D:1      | Found a faded altar of an unknown god.
   724 | D:1      | Found Emannucs's General Store.
   732 | D:1      | Bought a potion of degeneration for 10 gold pieces
   732 | D:1      | Bought a scroll of teleportation for 30 gold pieces
   873 | D:1      | Reached XP level 4. HP: 35/35 MP: 4/4
  2008 | D:2      | Reached skill level 1 in Throwing
  2008 | D:2      | Gained mutation: You sometimes gain a little power by
                  | taking damage. [demonic ancestry]
  2008 | D:2      | Reached XP level 5. HP: 38/42 MP: 5/5
  2593 | D:3      | Found an ancient bone altar of Kikubaaqudgha.
  2594 | D:3      | Found a shadowy altar of Dithmenos.
  2594 | D:3      | Found a snail-covered altar of Cheibriados.
  3271 | D:4      | Found a staircase to the Ecumenical Temple.
  3282 | Temple   | Entered the Ecumenical Temple
  3294 | Temple   | Became a worshipper of Hepliaklqana the Forgotten
  3392 | D:4      | Slain by an iguana

Illustrated notes

Levels and vault maps discovered:
D:1:      grunt_arrival_crossed_arrows, layout_basic, serial_shops, shop,
          chequers_ecumenical_altar_simple
D:2:      layout_basic, minmay_hexomino_c4
D:3:      cheibrodos_helix_gallery, layout_rooms, minitemple,
          portal_sewer_entry_b
D:4:      layout_basic, minmay_temple_entry_wispy, minmay_misc_feat_chi,
          uniq_crazy_yiuf_cottage
D:5:      cheibrodos_iron_armory, layout_loops_ring, serial_shops, shop,
          uniq_grinder
Temple:   compressed_dpeg_triangle_lava_temple

Skill      XL: |  1  2  3  4  5 |
---------------+----------------+-----
Dodging        | 2 3 |  3.0
Evocations     | 1 2 |  2.4
Armour         | 1 2 |  2.2
Throwing       | 1 |  1.5
Fighting       | 4 |  4.0
Polearms       | |  1.7
Stealth        | |  4.5
Invocations    | |  0.2

Action                   |  1- 3 |  4- 6 || total
-------------------------+-------+-------++-------
Melee: Spear             |   124 |   257 ||   381
       Kick              |     7 |    74 ||    81
       Halberd           |       |    23 ||    23
       Punch             |       |     1 ||     1
Throw: Javelin           |     3 |     1 ||     4
       Dart              |       |     1 ||     1
  Use: Scroll            |     2 |       ||     2
 Stab: Sleeping          |     9 |    10 ||    19
Armor: Ring mail         |    40 |   102 ||   142
Dodge: Dodged            |    69 |   129 ||   198

Table legend: (Time is in decaauts)
 A = Elapsed time spent in this place.
 B = Non-inter-level travel time spent in this place.
 C = Inter-level travel time spent in this place.
 D = Time resting spent in this place.
 E = Time spent auto-exploring this place.
 F = Levels seen in this place.
 G = Mean time per level.
                   A        B        C        D        E       F      G
               +--------+--------+--------+--------+--------+-----+--------+
         Total |   3463 |   3404 |     59 |    117 |   2341 |   7 |  494.7 |
       Dungeon |   2963 |   2914 |     49 |    113 |   2014 |   5 |  592.6 |
        Temple |     22 |     12 |     10 |      0 |      8 |   1 |   22.0 |
         Sewer |    477 |    477 |      0 |      4 |    319 |   1 |  477.0 |
               +--------+--------+--------+--------+--------+-----+--------+

Top non-repeatable levels by time:
     D:2: 984 daAuts
     D:1: 689 daAuts
     D:3: 662 daAuts
     D:4: 574 daAuts
   Sewer: 477 daAuts
     D:5: 53 daAuts
  Temple: 22 daAuts
